 Dungeon Crawl Stone Soup version 0.19-a0-1920-g83281cb (webtiles) character file.

126 Ladykiller69 the Cudgeler (level 5, -6/54 HPs)
             Began as an Ogre Gladiator on Oct 23, 2016.
             Killed from afar by Ijyb (27 damage)
             ... with a wand of lightning
             ... on level 3 of the Dungeon.
             The game lasted 00:10:53 (1528 turns).

Ladykiller69 the Cudgeler (Ogre Gladiator)          Turns: 1528, Time: 00:10:54

Health: -6/54      AC:  3    Str: 20    XL:     5   Next: 10%
Magic:  5/5        EV: 11    Int:  7    God:
Gold:   63         SH:  0    Dex: 11    Spells: 0 memorised, 4 levels left

rFire  . . .     SeeInvis .     a - +0 flail
rCold  . . .     Gourm    .     b - +0 robe
rNeg   . . .     Faith    .     (no shield)
rPois  .         Spirit   .     c - +0 hat
rElec  .         Reflect  .     (no cloak)
rCorr  .         Harm     .     (gloves unavailable)
MR     .....                    (boots unavailable)
Stlth  +.........               (no amulet)
                                (no ring)
                                (no ring)

@: no status effects
A: unfitting armour, tough skin 1
a: no special abilities


You were on level 3 of the Dungeon.
You were not hungry.

You visited 1 branch of the dungeon, and saw 3 of its levels.

You collected 63 gold pieces.

Inventory:

Hand Weapons
 a - a +0 flail (weapon)
Missiles
 d - 3 throwing nets (quivered)
Armour
 b - a +0 robe (worn)
 c - a +0 hat (worn)
Jewellery
 e - a cursed -3 ring of intelligence {unknown}
 k - an uncursed amulet of magic regeneration {unknown}
Scrolls
 g - 2 scrolls of enchant weapon {unknown}
 i - a scroll of fog {unknown}
 j - 2 scrolls of remove curse {unknown}
 m - 4 scrolls of identify {unknown}
 p - a scroll of immolation {unknown}
 q - a scroll of enchant armour {unknown}
 u - a scroll of blinking {unknown}
Potions
 h - a potion of mutation {unknown}
 l - a potion of degeneration {unknown}
 n - a potion of flight {unknown}
 o - a potion of berserk rage {unknown}
 t - a potion of curing
Comestibles
 f - 2 bread rations
 r - 9 fruits
 s - 3 chunks of flesh


   Skills:
 + Level 3.8 Fighting
 * Level 5.2 Maces & Flails
 + Level 2.8 Throwing
 + Level 3.6 Dodging


You had 4 spell levels left.
You didn't know any spells.

Dungeon Overview and Level Annotations

Branches:
Dungeon (3/15)

Altars:

Annotations:
D:3 Ijyb


Innate Abilities, Weirdness & Mutations

You are too large for most types of armour.
You have tough skin. (AC +1)


Message History

You barely miss Ijyb.
Ijyb is severely wounded.
Ijyb barely misses you.
You closely miss Ijyb.
Ijyb is severely wounded.
Ijyb closely misses you.
You hit Ijyb.
Ijyb is almost dead.
Ijyb hits you. x2
You hit Ijyb but do no damage.
Ijyb is almost dead.
Ijyb zaps a wand.
The bolt of lightning hits you!
You barely miss Ijyb.
Ijyb is almost dead.
Ijyb hits you.
You closely miss Ijyb.
Ijyb is almost dead.
Ijyb zaps a wand.
The bolt of lightning hits you!
Ouch! That really hurt!
You die...

## #. ###.###
.....#
##.#.#.#.###
.......<@g.#
####.#.#.....$..
......###.##
###>##... #.
#### #. ##


You could see Ijyb.

Vanquished Creatures
  Natasha (thrice) (D:2)
  2 dart slugs
  2 worms (D:2)
  2 leopard geckos
  6 goblins
  6 hobgoblins
  A quokka (D:2)
  A ball python (D:1)
  6 bats
  5 frilled lizards
  5 kobolds (D:1)
  7 rats
46 creatures vanquished.

Notes
Turn   | Place    | Note
-------+----------+-------------------------------------------
     0 | D:1      | Ladykiller69 the Ogre Gladiator began the quest for the Orb.
     0 | D:1      | Reached XP level 1. HP: 22/22 MP: 1/1
    97 | D:1      | Reached XP level 2. HP: 20/29 MP: 2/2
   493 | D:1      | Reached XP level 3. HP: 32/37 MP: 3/3
  1051 | D:2      | Noticed Natasha
  1061 | D:2      | Killed Natasha
  1061 | D:2      | Reached XP level 4. HP: 25/45 MP: 4/4
  1117 | D:2      | Noticed Natasha
  1135 | D:2      | Killed Natasha
  1135 | D:2      | Reached skill level 5 in Maces & Flails
  1290 | D:2      | Noticed Natasha
  1302 | D:2      | Killed Natasha
  1302 | D:2      | Reached XP level 5. HP: 22/54 MP: 5/5
  1516 | D:3      | Noticed Ijyb
  1528 | D:3      | Killed from afar by Ijyb

Vault maps used:
D:1:      elethiomel_arrival_diamonds
D:2:      uniq_natasha
D:3:      cheibrodos_helix_gallery, uniq_iyjb

Skill      XL: |  1  2  3  4 |
---------------+-------------+-----
Fighting       | 3 |  3.8
Dodging        | 3 |  3.6
Maces & Flails | 5 |  5.2
Throwing       | |  2.8

Action                   |  1- 3 |  4- 6 || total
-------------------------+-------+-------++-------
Melee: Flail             |   105 |    44 ||   149
 Stab: Sleeping          |     1 |       ||     1
  Eat: Chunk             |     1 |     1 ||     2
Armor: Robe              |    22 |     4 ||    26
Dodge: Dodged            |    59 |    23 ||    82
